 Dungeon Crawl Stone Soup version 0.30-a0-269-gf0224bf7b6 (webtiles) character file.

Game seed: 10513205189053728259

63 Hubris850 the Insei (level 4, -3/32 HPs)
             Began as a Merfolk Transmuter on Oct 14, 2022.
             Hit by a stone thrown by a gnoll (6 damage)
             ... on level 2 of the Dungeon.
             The game lasted 00:04:23 (1585 turns).

Hubris850 the Insei (Merfolk Transmuter)            Turns: 1585, Time: 00:04:23

Health: -3/32      AC:  3    Str: 10    XL:     4   Next: 9%
Magic:  7/7        EV: 12    Int: 14    God:
Gold:   38         SH:  0    Dex: 14    Spells: 6/7 levels left

rFire   . . .      SeeInvis .      - Unarmed
rCold   . . .      Faith    .    (no shield)
rNeg    . . .      Spirit   .    a - +0 robe
rPois   .          Reflect  .    (no helmet)
rElec   .          Harm     .    (no cloak)
rCorr   .          Rampage  .    i - +0 pair of gloves
Will    .....                    (no boots)
Stlth   +.........               (no amulet)
HPRegen 0.25/turn                (no ring)
MPRegen 0.10/turn                (no ring)

@: no status effects
A: (nimble swimmer 2), mertail
a: no special abilities


You were on level 2 of the Dungeon.
You visited 1 branch of the dungeon, and saw 2 of its levels.

You collected 38 gold pieces.

Inventory:

Missiles
 j - 3 atropa-tipped darts
Armour
 a - a +0 robe (worn)
 i - a +0 pair of gloves (worn)
Jewellery
 h - a ring of fire
Scrolls
 c - a scroll of teleportation {unknown}
 e - a scroll of enchant armour {unknown}
 k - a scroll of fear {unknown}
Potions
 d - 2 potions of haste {unknown}
 f - a potion of attraction {unknown}
 g - 2 potions of curing {unknown}


   Skills:
 - Level 1.1 Fighting
 - Level 2.6 Dodging
 - Level 5.0 Unarmed Combat
 + Level 2.1 Spellcasting
 + Level 3.0 Transmutations
 + Level 0.7 Ice Magic


You had 6 spell levels left.
You knew the following spells:

 Your Spells              Type           Power      Damage    Failure   Level
a - Beastly Appendage     Tmut           20%        N/A       7%          1

Your spell library contained the following spells:

 Spells                   Type           Power      Damage    Failure   Level
 Wereblood                Tmut           10%        N/A       11%         2
 Magic Dart               Conj           4%         1d3       24%         1
 Call Imp                 Summ           1%         N/A       34%         2
 Spider Form              Tmut/Pois      5%         N/A       36%         3
 Mephitic Cloud           Conj/Pois/Air  1%         N/A       56%         3
 Ice Form                 Ice/Tmut       6%         N/A       71%         4


Dungeon Overview and Level Annotations

Branches:
Dungeon (2/15)

Altars:

Shops:
D:2 *[**


Innate Abilities, Weirdness & Mutations

((You are very nimble when in or above water. (Stealth+, EV+, Speed+++)))
Your lower body shifts to a powerful aquatic tail in water.


Message History

The gnoll is severely wounded.
You closely miss the gnoll. You punch the gnoll.
The gnoll is almost dead.
The gnoll closely misses you. x3
You hit the gnoll.
You kill the gnoll!
The gnoll hits you but does no damage. The gnoll barely misses you.
Your Transmutations skill increases to level 3!
You have reached level 4!
You barely miss the gnoll. The gnoll barely misses you.
The gnoll closely misses you.
You barely miss the gnoll. The gnoll hits you with a +0 flail!
* * * LOW HITPOINT WARNING * * *
The gnoll closely misses you.
Throw: 5 darts (atropa)
Press: ? - help, Shift-Dir - straight line, f - gnoll
Aim: a gnoll, wielding a +0 flail and quivering stones (61% to hit, chance to blind on hit: 100%)
You throw an atropa-tipped dart. The atropa-tipped dart hits the gnoll.
The gnoll appears confused.
The gnoll seems less confused.
The gnoll barely misses you. The gnoll hits you with a +0 flail!
* * * LOW HITPOINT WARNING * * *
Throw: 4 darts (atropa)
Press: ? - help, Shift-Dir - straight line, f - gnoll, p - gnoll
Aim: a gnoll, wielding a +0 flail (61% to hit, chance to blind on hit: 100%)
You throw an atropa-tipped dart. The atropa-tipped dart hits the gnoll.
The gnoll appears confused.
The gnoll barely misses you.
Unknown command.
You catch the helpless gnoll completely off-guard!
You hit the gnoll.
The gnoll is lightly wounded.
The gnoll seems less confused.
Okay, then.
The gnoll is no longer blind.
The gnoll throws a stone.
The stone hits you.
* * * LOW HITPOINT WARNING * * *
The gnoll is no longer blind.
The gnoll attacks as you move away! The gnoll misses you.
The gnoll throws a stone.
The stone hits you.
You die...

.#########..###.##..
........###.........##..
.######......###... ....
.#######.....##### ....
.....>...###.....##..#
..##....# ###...#...##.
........ #..........
##.#... #......##. .....
#.####g.@....# .....
#...).g..###.# #.
##.......((..## # ..
......>....... .
.....(...#∩###..
.....(.#.#.# #
##...(.......# #
#.............
####.#.....##.# .


You could see 2 gnolls.

Vanquished Creatures
  2 gnolls (D:2)
  2 dart slugs (D:1)
  3 bats
  4 endoplasms
  2 giant cockroaches (D:1)
  2 goblins (D:1)
  3 hobgoblins (D:1)
  7 jackals (D:1)
  A frilled lizard (D:1)
  2 kobolds (D:1)
  9 rats
37 creatures vanquished.

Notes
Turn   | Place    | Note
-------+----------+-------------------------------------------
     0 | D:1      | Hubris850 the Merfolk Transmuter began the quest for the
                  | Orb.
     0 | D:1      | Reached XP level 1. HP: 15/15 MP: 3/3
   119 | D:1      | Reached XP level 2. HP: 4/21 MP: 5/5
   121 | D:1      | Reached skill level 4 in Unarmed Combat
   525 | D:1      | Reached XP level 3. HP: 24/26 MP: 6/6
  1393 | D:2      | Found Dasehilu's General Store.
  1438 | D:2      | Reached skill level 5 in Unarmed Combat
  1488 | D:2      | Found Xunarho's Antique Armour Shop.
  1513 | D:2      | Found Gainaogg's General Store.
  1565 | D:2      | Found Hegaal's General Store.
  1577 | D:2      | Reached XP level 4. HP: 19/32 MP: 7/7
  1585 | D:2      | Hit by a stone thrown by a gnoll

Illustrated notes

Levels and vault maps discovered:
D:1:      kilobyte_arrival_exit_the_forest, layout_basic,
          dreamdust_princess_corridor, minmay_misc_feat_diagonals,
          dreamdust_mushroom_princess, bh_walls_and_bars
D:2:      layout_rooms, serial_shops, nicolae_square_shop, shop_statue, shop,
          shop, shop, shapermc_ecumenical_altar_notcrosses,
          minmay_split_cup_small

Skill      XL: |  1  2  3 |
---------------+----------+-----
Unarmed Combat | 4 5 |  5.0
Transmutations | 3 |  3.0
Fighting       | |  1.1
Dodging        | |  2.6
Spellcasting   | |  2.1
Ice Magic      | |  0.7

Action                   |  1- 3 |  4- 6 || total
-------------------------+-------+-------++-------
Melee: Unarmed           |   117 |     3 ||   120
       Punch             |     5 |       ||     5
Throw: Dart              |     7 |     2 ||     9
  Use: Potion            |     1 |       ||     1
 Stab: Sleeping          |     2 |       ||     2
       Invisible         |       |     1 ||     1
Armor: Skin              |    13 |       ||    13
       Robe              |    18 |       ||    18
Dodge: Dodged            |    71 |     6 ||    77

Table legend: (Time is in decaauts)
 A = Elapsed time spent in this place.
 B = Non-inter-level travel time spent in this place.
 C = Inter-level travel time spent in this place.
 D = Time resting spent in this place.
 E = Time spent auto-exploring this place.
 F = Levels seen in this place.
 G = Mean time per level.
                   A        B        C        D        E       F      G
               +--------+--------+--------+--------+--------+-----+--------+
         Total |   1569 |   1550 |     19 |    267 |    958 |   2 |  784.5 |
       Dungeon |   1569 |   1550 |     19 |    267 |    958 |   2 |  784.5 |
               +--------+--------+--------+--------+--------+-----+--------+

Top non-repeatable levels by time:
     D:1: 1364 daAuts
     D:2: 204 daAuts
